AoeStats
← Qanfy

Arabia

503795257Analyzed
1v1 RM · 1mo ago on Sep 2, 2026· 56m 30s· 2 players
Game mode
Random Map
Map size
Tiny (2 player)
Population
200
Speed
Normal
Resources
Standard
Victory
Conquest
Starting age
Dark Age
Ending age
Imperial Age
RankedLock teamsTeams togetherTeam positionsShared explorationLock speedFull tech treeHidden civsTurbo modeCheats
Victory
Defeat
🇻🇳 Vietnamese · Vietnam
1322
+19
🇪🇪 Burgundians · Estonia
1394
-19
MovableStatue95
8:12 Loom
10:15 Feudal Age
15:28 Castle Age
16:10 Double-Bit Axe
17:00 Scale Mail Armor
26:44 Bow Saw
27:54 Elite Skirmisher
28:43 Gold Mining
28:45 Horse Collar
35:21 Fletching
36:19 Wheelbarrow
36:08 Bodkin Arrow
38:54 Hand Cart
38:47 Heavy Plow
38:56 Town Watch
44:30 Imperial Age
42:00 Town Patrol
43:10 Town Patrol
43:20 Crossbowman
44:05 Thumb Ring
45:40 Bracer
45:41 Padded Archer Armor
45:39 Elite Rattan Archer
47:49 Leather Archer Armor
48:47 Ballistics
49:27 Chemistry
48:33 Siege Engineers
50:20 Stone Mining
51:39 Chatras
52:31 Ring Archer Armor
52:07 Scale Barding Armor
52:13 Forging
53:20 Murder Holes
54:49 Light Cavalry
55:39 Bloodlines
55:30 Husbandry
57:18 Chain Barding Armor
Qanfy
6:55 Loom
9:01 Feudal Age
8:22 Double-Bit Axe
13:54 Arson
16:12 Wheelbarrow
15:54 Bow Saw
16:57 Town Watch
23:41 Castle Age
22:04 Fletching
22:11 Horse Collar
23:00 Scale Mail Armor
23:16 Padded Archer Armor
23:48 Crossbowman
24:24 Bodkin Arrow
33:21 Gold Mining
34:24 Chain Mail Armor
35:30 Squires
36:45 Hand Cart
38:25 Forging
42:23 Imperial Age
42:37 Iron Casting
44:16 Chemistry
44:19 Plate Mail Armor
45:53 Blast Furnace
46:39 Elite Skirmisher
47:31 Bracer
49:14 Conscription
49:29 Ballistics
52:55 Leather Archer Armor
53:53 Masonry
55:46 Architecture
Connection lost

Rejoining the realm…

Still unreachable

The connection could not be restored.

Session expired

The server has moved on; the page needs a fresh start.